 Dungeon Crawl Stone Soup version 0.15-a0-809-g8e1b895 (webtiles) character file.

117738 Quh the Tortoise (level 16, 0/159 HPs)
             Began as a Minotaur Berserker on May 13, 2014.
             Was a High Priest of Trog.
             Slain by (17 damage)
             ... on Level 4 of the Shoals on May 14, 2014.
             The game lasted 04:13:07 (41078 turns).

Quh the Tortoise (Minotaur Berserker)              Turns: 41078, Time: 04:13:08

HP   0/159       AC 26     Str 36      XL: 16   Next: 23%
MP  24/24        EV  7     Int  7      God: Trog [*****.]
Gold 1880        SH  0     Dex 10      Spells:  0 memorised, 15 levels left

rFire  . . .     SeeInvis .     b - +4,+3 longbow (evade)
rCold  . . .     Clarity  .     L - +3 plate armour
rNeg   . . .     Conserve .     (no shield)
rPois  .         rCorr    .     (helmet restricted)
rElec  .         rRot     .     s - +0 cloak
SustAb . .       Spirit   .     C - +0 pair of gloves of Cheibriados' Wrath {Str+3 Int+3}
rMut   +         Warding  .     r - +1 pair of boots
Gourm  .         Stasis   .     M - amulet "Ajipnif" {rMut Acc+4}
MR     ++++.                    d - +4 ring of strength
                                F - ring of protection from magic

@: regenerating, about to teleport, held, incredibly resistant to hostile
enchantments, extremely unstealthy
A: retaliatory headbutt, fangs 1, horns 2, robust 1
a: Burn Spellbooks, Berserk, Trog's Hand, Brothers in Arms, Renounce Religion


You were on level 4 of the Shoals.
You worshipped Trog.
Trog was extremely pleased with you.
You were very hungry.

You visited 5 branches of the dungeon, and saw 31 of its levels.

You collected 2716 gold pieces.
You spent 836 gold pieces at shops.

Inventory:

Hand weapons
 a - the +5,+9 great mace of the Wheel {crush, rC+ Dex+3}
   (Trog gifted it to you on level 2 of the Orcish Mines)

   It inflicts extra damage upon your enemies.
   It affects your dexterity (+3).
   It protects you from cold.
 b - a +4,+3 longbow of evasion (weapon)
 o - the +9,+6 flail of Xodaf {crush, rC+ Dex-1}
   (You found it on level 7 of the Dungeon)

   It inflicts extra damage upon your enemies.
   It affects your dexterity (-1).
   It protects you from cold.
 p - a +5,+1 antimagic war axe
 O - a +2,+3 war axe of freezing
Missiles
 i - 24 arrows of dispersal
 u - 13 poisoned arrows
 w - 119 arrows (quivered)
 x - 47 arrows of flame
Armour
 r - a +1 pair of boots (worn)
 s - a +0 cloak (worn)
 C - the +0 pair of gloves of Cheibriados' Wrath (worn) {Str+3 Int+3}
   (You bought it in a shop on level 12 of the Dungeon)

   It affects your strength (+3).
   It affects your intelligence (+3).
 L - a +3 plate armour (worn)
 Y - a +0 steam dragon armour
 Z - a +0 large shield
Magical devices
 n - a wand of disintegration (13)
 y - a wand of lightning (3)
 A - a wand of cold (3)
 I - a wand of lightning (5)
 J - a wand of enslavement (7)
 N - a wand of fire (2)
 X - a wand of teleportation (7)
Comestibles
 c - 10 bread rations
 H - 8 meat rations
 P - a beef jerky
Scrolls
 h - a scroll of enchant armour
 m - 10 scrolls of teleportation
 q - 3 scrolls of blinking
 v - 6 scrolls of enchant weapon II
 z - a scroll of enchant weapon I
 G - 6 scrolls of identify
 K - 9 scrolls of remove curse
 Q - a scroll of brand weapon
 U - 4 scrolls of fear
Jewellery
 d - a +4 ring of strength (right hand)
 g - a +3 ring of protection
 F - a ring of protection from magic (left hand)
 M - the amulet "Ajipnif" (around neck) {rMut Acc+4}
   (You found it on level 8 of the Lair of Beasts)

   [amulet of resist mutation]

   It protects you from mutation.
   It affects your accuracy with ranged weapons and melee attacks (+4).
 S - an uncursed ring of flight
Potions
 e - 5 potions of heal wounds
 f - 9 potions of curing
 j - 5 potions of might
 t - 4 potions of invisibility
 B - 3 potions of agility
 D - a potion of restore abilities
 R - a potion of flight
 V - 5 potions of haste
Books
 E - a book of Conjurations

   Spells                             Type                      Level
   Magic Dart                         Conjuration                  1
   Searing Ray                        Conjuration                  2
   Dazzling Spray                     Conjuration/Hexes            3
   Fulminant Prism                    Conjuration/Hexes            4
   Iskenderun's Mystic Blast          Conjuration                  4
   Iskenderun's Battlesphere          Conjuration/Charms           5
   Trog disapproves of the use of such an item.
Miscellaneous
 k - a phial of floods
 T - a plain deck of destruction
 W - a fan of gales


   Skills:
 * Level 13.9 Fighting
 - Level 10.2 Axes
 + Level 16.4 Maces & Flails
   Level 1.0 Polearms
 * Level 13.8 Bows
 - Level 0.2 Throwing
 + Level 16.7 Armour
 - Level 3.2 Dodging
 - Level 0.3 Stealth
 - Level 9.3 Shields
 * Level 8.6 Evocations


You had 15 spell levels left.
You didn't know any spells.

Dungeon Overview and Level Annotations

Branches:
Dungeon (14/15)            Temple (1/1) D:7             Orc (4/4) D:11
    Elf (0/3) Orc:4          Lair (8/8) D:9          Shoals (4/5) Lair:4
  Slime (0/6) Lair:7
  Swamp: Lair:3-6     Snake: Lair:3-6    Spider: Lair:3-6    Vaults: D:13-14

Altars:
Ashenzari
Cheibriados
Dithmenos
Elyvilon
Fedhas
Makhleb
Nemelex Xobeh
Okawaru
Qazlal
Trog
Xom
Yredelemnul
Zin
The Shining One

Shops:
D:5 ?   D:6 :   D:8 ?   D:10 (=(*   D:11 *([   D:12 [   Orc:4 (=[[

Annotations:
D:2 1 exclusion
Lair:3 exclusion: 4 oklob plants
Lair:4 exclusion: oklob plant
Lair:6 exclusions: ice statue and oklob plant


Innate Abilities, Weirdness & Mutations

You reflexively headbutt those who attack you in melee.
You have a pair of horns on your head.
You have very sharp teeth.
You are robust (+10% HP).


Message History

The siren chants a haunting song.
You resist.
You try to slip out of the net.
The siren chants a haunting song.
You resist.
The merfolk hits you from afar with a trident.
* * * LOW HITPOINT WARNING * * *
You try to slip out of the net.
You feel yourself speed up.
The siren chants a haunting song.
You resist.
The merfolk hits you from afar with a trident!
* * * LOW HITPOINT WARNING * * *
Read which item? (? for menu, Esc to quit)
As you read the scroll of teleportation, it crumbles to dust.
You feel strangely unstable.
The merfolk hits you from afar with a trident.
* * * LOW HITPOINT WARNING * * *
The drowned soul touches you. The drowned soul drowns you!
You die...

..≈≈≈≈≈≈ W≈≈ #...≈≈≈≈≈
≈≈≈≈≈≈≈≈≈
##...≈≈≈≈≈≈≈≈≈≈≈≈≈≈≈≈≈
..≈≈≈≈≈≈≈....m≈≈≈≈≈≈≈≈≈
..≈≈≈≈≈≈≈((..W≈≈W≈≈≈≈≈≈≈
.<%...≈≈≈##..≈≈≈≈≈≈≈≈≈≈≈
.≈≈.:.≈≈≈.##.≈≈≈≈≈≈≈≈≈≈≈
≈≈≈...≈≈≈...≈≈m≈≈≈≈≈≈≈≈≈.
≈≈≈≈≈≈≈≈≈≈≈≈≈≈≈.@≈≈≈≈≈≈..
≈≈≈≈≈≈≈≈≈≈≈≈≈≈..≈≈≈≈≈≈...
≈≈......≈.....≈≈≈≈≈≈≈..#
≈(W####.....#.≈≈≈≈≈P≈..#
m.$# #### ###....≈≈P.#
≈..# #.P.≈≈P.. ...


..≈PPPPP ..≈≈PPP .≈≈ You could see a siren, a merfolk and 3 drowned souls.

Vanquished Creatures
  A kraken (Shoals:3)
  Roxanne (Shoals:4)
  2 merfolk javelineers (Shoals:3)
  3 merfolk impalers
  A siren (Shoals:3)
  Fannar (Lair:6)
  Harold (Lair:6)
  An alligator snapping turtle (Shoals:3)
  8 hydras
  4 ogre magi (Orc:4)
  A death yak (Lair:8)
  2 tengu warriors (D:13)
  A satyr (Shoals:3)
  Nergalle (Orc:3)
  4 skeletal warriors (D:13)
  9 sea snakes
  A water nymph (Shoals:3)
  7 hill giants
  3 orc knights
  4 harpies (Shoals:3)
  7 griffons
  A necromancer (D:11)
  2 cyclopes
  A wolf spider (Lair:5)
  An orc sorcerer (Orc:4)
  7 fauns
  A mermaid (Shoals:1)
  7 black mambas
  8 manticores
  3 feature mimics
  15 spiny frogs
  A queen ant (Lair:3)
  A gargoyle (D:12)
  A fire drake (Lair:5)
  A kobold demonologist (D:11)
  10 komodo dragons
  A queen bee (D:12)
  2 hydra zombies
  A wind drake (Shoals:2)
  19 two-headed ogres
  18 merfolk
  2 polar bears
  A raven (D:13)
  23 blink frogs
  6 trolls
  2 slime creatures (D:14)
  4 giant leeches (Lair:8)
  6 snapping turtles
  3 water elementals
  A basilisk (D:11)
  2 shadows (D:11)
  16 sharks
  6 ugly things
  A hungry ghost (D:10)
  An elephant slug (Lair:7)
  10 hippogriffs
  Grum (D:12)
  3 vampire mosquitoes (Lair:8)
  A wyvern (Lair:8)
  A wraith (D:12)
  68 yaks
  A hill giant skeleton (D:8)
  2 wargs (Orc:2)
  Edmund (D:6)
  11 wolves
  11 soldier ants (Lair:3)
  20 orc warriors
  7 ice beasts
  7 sky beasts
  9 porcupines
  12 water moccasins
  A phantom (D:12)
  A black bear (Lair:3)
  2 necrophages
  40 ogres
  Sigmund (D:6)
  11 crocodiles
  3 boring beetles
  A big kobold (D:11)
  10 centaurs
  16 giant slugs
  31 giant frogs
  2 wyvern zombies
  A gnoll sergeant (D:7)
  4 scorpions
  A yak skeleton (D:9)
  A troll zombie (D:8)
  4 electric eels
  An eye of draining (D:8)
  33 killer bees
  A troll skeleton (D:8)
  10 wights
  7 crimson imps
  A goliath beetle (D:13)
  23 orc priests
  8 big fish
  14 hounds
  7 jellies
  7 iguanas
  3 centaur skeletons
  33 orc wizards
  4 polar bear simulacra (D:11)
  A quasit (D:9)
  A soldier ant zombie (D:10)
  37 worker ants
  4 wolf simulacra (D:11)
  A yak simulacrum (D:11)
  11 sheep (Lair:8)
  A killer bee zombie (D:8)
  A big kobold skeleton (D:8)
  A mummy (D:5)
  An ogre skeleton (D:5)
  6 gnolls
  29 adders
  2 orc skeletons
  6 shadow imps
  A worm zombie (D:8)
  36 green rats
  3 giant mites
  4 worms
  A goliath beetle zombie (D:5)
  An inept feature mimic (D:3)
  9 giant geckos
  3 oozes
  162 orcs
  A bat zombie (D:7)
  3 giant cockroaches
  23 goblins
  13 hobgoblins
  12 jackals
  16 kobolds
  9 quokkas
  21 bats
  2 giant newts
  2 giant spores (D:8)
  2 green rat simulacra (D:11)
  A hobgoblin skeleton (D:4)
  A hobgoblin zombie (D:8)
  24 rats
  A rat skeleton (D:6)
  4 ballistomycetes
  A bush (Lair:6)
  A butterfly (Lair:1)
  6 fungi
  4 plants
  A tentacle (Shoals:3)
  A tentacle segment (Shoals:3)
1156 creatures vanquished.

Vanquished Creatures (collateral kills)
  An ice dragon (Lair:6)
  3 death yaks (Lair:8)
  5 elephants (Lair:8)
  A komodo dragon (Lair:6)
  A merfolk (Shoals:3)
  A giant leech (Lair:8)
  A boulder beetle (Lair:8)
  A basilisk (Lair:7)
  A shark (Lair:8)
  3 yaks (Lair:8)
  2 vampire mosquitoes (Lair:8)
  3 wolves (Lair:8)
  A porcupine (Lair:7)
  2 ice beasts (Lair:6)
  A giant frog (Lair:8)
  A big fish (Lair:8)
  4 green rats (Lair:7)
  2 white imps (Lair:6)
  A kobold (D:11)
35 creatures vanquished.

Vanquished Creatures (others)
  4 drowned souls (Shoals:3)
  A troll (Lair:8)
  A two-headed ogre (Lair:8)
  An ogre (D:11)
  A scorpion (D:12)
  7 giant spores
  5 ballistomycetes (D:8)
  A bush (Lair:7)
  35 fungi
  20 plants
  6 tentacles (Shoals:3)
  200 tentacle segments (Shoals:3)
282 creatures vanquished.

Grand Total: 1473 creatures vanquished

Notes
Turn   | Place    | Note
--------------------------------------------------------------
     0 | D:1      | Quh, the Minotaur Berserker, began the quest for the Orb.
     0 | D:1      | Reached XP level 1. HP: 19/19 MP: 1/1
   143 | D:1      | Reached skill level 4 in Axes
   241 | D:1      | Reached XP level 2. HP: 21/26 MP: 1/1
   930 | D:2      | Reached skill level 5 in Axes
   930 | D:2      | Reached XP level 3. HP: 28/31 MP: 2/2
  1521 | D:2      | Found a blossoming altar of Fedhas.
  1800 | D:3      | Reached XP level 4. HP: 26/39 MP: 2/2
  1959 | D:3      | Found a snail-covered altar of Cheibriados.
  1962 | D:3      | Reached skill level 6 in Axes
  1976 | D:3      | Acquired Trog's second power
  2005 | D:3      | Found a stormy altar of Qazlal.
  2027 | D:3      | Found a sparkling altar of Nemelex Xobeh.
  2043 | D:3      | Reached XP level 5. HP: 32/46 MP: 2/2
  2201 | D:3      | Found a bloodstained altar of Trog.
  2474 | D:3      | Found a shadowy altar of Dithmenos.
  2499 | D:3      | Found a glowing silver altar of Zin.
  2568 | D:3      | Noticed an ogre
  2576 | D:3      | Killed an ogre
  2576 | D:3      | Reached skill level 7 in Axes
  2884 | D:4      | Reached XP level 6. HP: 52/52 MP: 3/3
  2944 | D:4      | Found a shattered altar of Ashenzari.
  2953 | D:4      | Got a crude mace
  2954 | D:4      | Identified the cursed +2,+0 mace "Wechakuf" {flame, Str+1 SInv} (You found it on level 4 of the Dungeon)
  3143 | D:4      | Noticed an ogre
  3165 | D:4      | Killed an ogre
  3479 | D:5      | Entered Level 5 of the Dungeon
  3519 | D:5      | Reached XP level 7. HP: 53/60 MP: 3/3
  3635 | D:5      | Found Weras' Magic Scroll Emporium.
  3644 | D:5      | Bought a scroll of remove curse for 42 gold pieces
  3644 | D:5      | Bought a scroll of enchant weapon I for 49 gold pieces
  3688 | D:5      | Reached skill level 1 in Evocations
  3824 | D:5      | Reached skill level 5 in Maces & Flails
  3992 | D:5      | Reached skill level 5 in Fighting
  3993 | D:5      | Found a white marble altar of Elyvilon.
  4176 | D:6      | Reached skill level 1 in Bows
  4265 | D:6      | Reached XP level 8. HP: 16/68 MP: 6/6
  4639 | D:6      | Noticed Sigmund
  4659 | D:6      | Killed Sigmund
  4659 | D:6      | Reached skill level 5 in Armour
  4692 | D:6      | Noticed Edmund
  4702 | D:6      | Killed Edmund
  4988 | D:6      | Reached skill level 8 in Maces & Flails
  5055 | D:6      | Acquired Trog's third power
  5275 | D:6      | Found Soipt's Book Emporium.
  5578 | D:7      | Found a shimmering altar of Xom.
  6078 | D:8      | Reached skill level 9 in Maces & Flails
  6212 | D:8      | Reached XP level 9. HP: 53/78 MP: 10/10
  6482 | D:8      | Found Soive's Magic Scroll Shoppe.
  6496 | D:8      | Bought a scroll of blinking for 97 gold pieces
  6507 | D:8      | Reached skill level 10 in Maces & Flails
  6544 | D:8      | Reached skill level 5 in Evocations
  7460 | D:7      | Reached XP level 10. HP: 88/88 MP: 12/12
  7497 | D:7      | Got a shimmering flail
  7498 | D:7      | Identified the cursed +9,+6 flail of Xodaf {crush, rC+ Dex-1} (You found it on level 7 of the Dungeon)
  7532 | D:7      | Reached skill level 11 in Maces & Flails
  7536 | D:7      | Received a gift from Trog
  7590 | D:7      | Got a dazzling scale mail
  7616 | D:7      | Identified the +0 scale mail "Grarelaw" {+Inv rF+ Dex-1} (You found it on level 7 of the Dungeon)
  8159 | D:7      | Found a staircase to the Ecumenical Temple.
  8200 | Temple   | Entered the Ecumenical Temple
  8437 | D:8      | Identified Stepemu's Advanced Guide to Theurgy (You found it on level 8 of the Dungeon)
  8509 | D:9      | Reached skill level 5 in Bows
  8529 | D:9      | Found a staircase to the Lair.
  8560 | Lair:1   | Entered Level 1 of the Lair of Beasts
  8706 | Lair:1   | Noticed an eight-headed hydra
  8718 | Lair:1   | Killed an eight-headed hydra
  9623 | Lair:2   | Reached skill level 12 in Maces & Flails
  9823 | Lair:2   | Reached XP level 11. HP: 78/95 MP: 13/13
 11270 | Lair:3   | Reached skill level 10 in Armour
 11968 | Lair:3   | Noticed a six-headed hydra
 11976 | Lair:3   | Killed a six-headed hydra
 11976 | Lair:3   | Received a gift from Trog
 12292 | Lair:3   | Received a gift from Trog
 12316 | Lair:3   | Reached skill level 13 in Maces & Flails
 13235 | Lair:3   | Reached skill level 10 in Fighting
 13246 | Lair:3   | Reached XP level 12. HP: 93/106 MP: 15/15
 13535 | Lair:4   | Received a gift from Trog
 14046 | Lair:4   | Found a burning altar of Makhleb.
 14173 | Lair:4   | Found a staircase to the Shoals.
 15213 | Lair:5   | Noticed a seven-headed hydra
 15225 | Lair:5   | Reached skill level 14 in Maces & Flails
 15315 | Lair:5   | Killed a seven-headed hydra
 15315 | Lair:5   | Reached skill level 10 in Bows
 15684 | Lair:5   | Found a staircase to the Shoals.
 16392 | Lair:5   | the staircase to the Shoals was a mimic.
 17127 | Lair:6   | Noticed Fannar
 17141 | Lair:6   | Killed Fannar
 17587 | Lair:6   | Noticed an ice dragon
 17591 | Lair:6   | Received a gift from Trog
 17591 | Lair:6   | Reached XP level 13. HP: 115/115 MP: 15/15
 17599 | Lair:6   | Killed an ice dragon
 17786 | Lair:6   | Noticed Harold
 17800 | Lair:6   | Killed Harold
 18619 | Lair:7   | Found a staircase to the Slime Pits.
 19489 | Lair:7   | Received a gift from Trog
 19835 | Lair:7   | Reached skill level 15 in Maces & Flails
 20757 | Lair:8   | Entered Level 8 of the Lair of Beasts
 20914 | Lair:8   | Received a gift from Trog
 21626 | Lair:8   | Got a shimmering copper amulet
 21627 | Lair:8   | Identified the amulet "Nioluenu" {Spirit rC+ Stlth+} (You found it on level 8 of the Lair of Beasts)
 22535 | Lair:8   | Reached XP level 14. HP: 96/127 MP: 18/18
 22688 | Lair:8   | Received a gift from Trog
 23265 | Lair:8   | Reached skill level 10 in Axes
 23399 | Lair:8   | Got a fine ivory amulet
 23454 | Lair:8   | Identified the amulet "Ajipnif" {rMut Acc+4} (You found it on level 8 of the Lair of Beasts)
 24494 | D:9      | Found an iron altar of Okawaru.
 24554 | D:9      | Found a glowing golden altar of the Shining One.
 24790 | D:9      | Received a gift from Trog
 25156 | D:9      | Received a gift from Trog
 25245 | D:10     | Entered Level 10 of the Dungeon
 25316 | D:10     | Found Vaec's Antique Weapon Shoppe.
 25333 | D:10     | Bought a glowing longbow for 126 gold pieces
 25395 | D:10     | Reached skill level 1 in Polearms
 25437 | D:10     | Found a white marble altar of Elyvilon.
 25506 | D:10     | Found Vosi's Antique Weapon Shoppe.
 25557 | D:10     | Found Anoag's General Store.
 25589 | D:10     | Bought a potion of brilliance for 30 gold pieces
 25740 | D:10     | Reached skill level 15 in Armour
 25740 | D:10     | Reached skill level 1 in Shields
 25795 | D:10     | Found Jaofrel's Jewellery Emporium.
 25801 | D:10     | Bought an uncursed ring of flight for 210 gold pieces
 27057 | D:11     | Found Feucw's Weapon Emporium.
 27058 | D:11     | Found Qaequus' Assorted Antiques.
 27059 | D:11     | Found a staircase to the Orcish Mines.
 27112 | D:11     | Bought a scroll of identify for 54 gold pieces
 27114 | D:11     | Upgraded the game from 0.15-a0-773-g3a4c672 to 0.15-a0-809-g8e1b895
 27120 | D:11     | Found Joinwass' Armour Emporium.
 27502 | D:12     | Paralysed by an orc priest for 3 turns
 28129 | D:12     | Reached skill level 5 in Shields
 28223 | D:12     | Noticed Grum
 28254 | D:12     | Killed Grum
 28324 | D:12     | Found Thriuch's Antique Armour Shop.
 28492 | D:12     | Bought a pair of smoking gloves for 228 gold pieces
 28496 | D:12     | Identified the +0 pair of gloves of Cheibriados' Wrath {Str+3 Int+3} (You bought it in a shop on level 12 of the Dungeon)
 28870 | D:12     | Received a gift from Trog
 29014 | D:12     | Received a gift from Trog
 29038 | D:12     | Received a gift from Trog
 29886 | D:13     | Reached XP level 15. HP: 102/135 MP: 20/20
 30858 | Temple   | Gained mutation: You have very sharp teeth. [potion of mutation]
 30858 | Temple   | Gained mutation: You are robust (+10% HP). [potion of mutation]
 30973 | Orc:1    | Entered Level 1 of the Orcish Mines
 31629 | Orc:2    | Received a gift from Trog
 31632 | Orc:2    | Got a fine great mace {god gift}
 31641 | Orc:2    | Identified the +5,+9 great mace of the Wheel {crush, rC+ Dex+3} (Trog gifted it to you on level 2 of the Orcish Mines)
 32172 | Orc:3    | Noticed Nergalle
 32179 | Orc:3    | Killed Nergalle
 32190 | Orc:3    | Received a gift from Trog
 32411 | Orc:4    | Entered Level 4 of the Orcish Mines
 32427 | Orc:4    | Found a staircase to the Elven Halls.
 32506 | Orc:4    | Found Cliossutt's Antique Weapon Shop.
 32506 | Orc:4    | Found Guaris' Antique Armour Shoppe.
 32506 | Orc:4    | Found Olyewoetz's Jewellery Shoppe.
 32506 | Orc:4    | Found Clikhid's Armour Boutique.
 32509 | Orc:4    | Reached skill level 16 in Armour
 33289 | Orc:4    | Received a gift from Trog
 34569 | Shoals:1 | Entered Level 1 of the Shoals
 36256 | Shoals:2 | Received a gift from Trog
 36633 | Shoals:2 | Received a gift from Trog
 38682 | Shoals:3 | Noticed a kraken
 38720 | Shoals:3 | Killed a kraken
 38771 | Shoals:3 | Received a gift from Trog
 39352 | Shoals:3 | Reached XP level 16. HP: 159/159 MP: 23/23
 41038 | Shoals:4 | Noticed Roxanne
 41051 | Shoals:4 | Killed Roxanne
 41078 | Shoals:4 | Slain by

Action                   |  1- 3 |  4- 6 |  7- 9 | 10-12 | 13-15 | 16-18 || total
-------------------------+-------+-------+-------+-------+-------+-------++-------
Melee: Hand axe          |    71 |    56 |     5 |       |       |       ||   132
       War axe           |     1 |       |       |       |       |       ||     1
       Mace              |       |    36 |    70 |       |       |       ||   106
       Flail             |       |       |   235 |   820 |  1331 |       ||  2386
       Shortbow          |       |       |     7 |       |       |       ||     7
       Morningstar       |       |       |       |     2 |       |       ||     2
       Great mace        |       |       |       |       |   436 |    96 ||   532
 Fire: Shortbow          |       |       |    32 |    87 |    79 |       ||   198
       Longbow           |       |       |       |       |    94 |    10 ||   104
Throw: Dart              |     4 |     9 |    19 |     6 |     2 |       ||    40
Invok: Berserk           |     1 |     4 |    12 |    10 |    12 |       ||    39
       Trog's Hand       |       |       |     1 |     2 |     8 |     3 ||    14
       Burn Spellbooks   |       |       |     1 |     2 |     2 |       ||     5
       Brothers in Arms  |       |       |       |     2 |     8 |       ||    10
Evoke: Wand              |       |       |     1 |     4 |     5 |       ||    10
  Use: Scroll            |       |     3 |     8 |    26 |    19 |     2 ||    58
       Potion            |       |       |       |     2 |     4 |     1 ||     7
 Stab: Distracted        |       |       |       |       |     1 |       ||     1
